 Dungeon Crawl Stone Soup version 0.30-a0-613-gdd512c7efb (webtiles) character file.

Game seed: 2000188463293727872

58 wormed the Caller (level 4, -4/39 HPs)
             Began as an Ogre Summoner on Jan 9, 2023.
             Slain by a gnoll
             ... wielding a +0 flail
              (6 damage)
             ... on level 2 of the Dungeon.
             The game lasted 00:03:15 (1641 turns).

wormed the Caller (Ogre Summoner)                   Turns: 1641, Time: 00:03:16

Health: -4/39      AC:  4    Str: 12    XL:     4   Next: 1%
Magic:  4/9        EV:  9    Int: 18    God:
Gold:   107        SH:  0    Dex:  9    Spells: 6/10 levels left

rFire   . . .      SeeInvis .    (no weapon)
rCold   . . .      Faith    .    (no shield)
rNeg    . . .      Spirit   .    i - +1 robe {Will+}
rPois   .          Reflect  .    (helmet restricted)
rElec   .          Harm     .    (no cloak)
rCorr   .          Rampage  .    (gloves unavailable)
Will    +....                    (boots unavailable)
Stlth   +                        (no amulet)
HPRegen 0.26/turn                (no ring)
MPRegen 0.11/turn                (no ring)

@: no status effects
A: large, unfitting armour, tough skin 1
a: no special abilities


You were on level 2 of the Dungeon.
You visited 1 branch of the dungeon, and saw 2 of its levels.

You collected 107 gold pieces.

Inventory:

Missiles
 b - 3 atropa-tipped darts
 h - 4 poisoned darts (quivered)
Armour
 i - a +1 robe of willpower (worn)
Scrolls
 c - a scroll of immolation {unknown}
Potions
 a - a potion of cancellation {unknown}
 d - 2 potions of flight {unknown}
 e - a potion of curing {unknown}


   Skills:
 - Level 1.7 Dodging
 - Level 1.4 Stealth
 + Level 3.7 Spellcasting
 + Level 4.3 Summonings


You had 6 spell levels left.
You knew the following spells:

 Your Spells              Type           Power      Damage    Failure   Level
a - Summon Small Mammal   Summ           76%        N/A       2%          1
b - Call Canine Familiar  Summ           19%        N/A       8%          3

Your spell library contained the following spells:

 Spells                   Type           Power      Damage    Failure   Level
 Call Imp                 Summ           19%        N/A       3%          2
 Summon Guardian Golem    Hex/Summ       11%        N/A       19%         3
 Summon Lightning Spire   Summ/Air       11%        N/A       52%         4


Dungeon Overview and Level Annotations

Branches:
Dungeon (2/15)

Altars:


Innate Abilities, Weirdness & Mutations

You are too large for most types of armour.
You have tough skin. (AC +1)


Message History

The gnoll hits you with a +0 flail!
Your hound closely misses the gnoll.
Your hound bites the gnoll.
The gnoll barely misses you.
Your quokka closely misses the gnoll.
The gnoll hits your quokka with a +0 halberd!
Your quokka dies!
Your quokka's corpse disappears in a puff of smoke!
Your hound bites the gnoll.
The gnoll hits you with a +0 club. The gnoll hits you with a +0 flail.
You hit the gnoll but do no damage.
Your hound barely misses the gnoll.
The gnoll barely misses you. The gnoll hits you but does no damage.
The gnoll closely misses you. The gnoll attacks as you move away!
The gnoll hits you but does no damage. The gnoll attacks as you move away!
The gnoll barely misses you.
Your hound barely misses the gnoll.
The gnoll attacks as you move away! The gnoll misses you.
Your hound misses the gnoll.
Your hound bites the gnoll but does no damage.
Your hound bites the gnoll.
The gnoll attacks as you move away! The gnoll hits you with a +0 flail!
Your hound bites the gnoll.
The gnoll attacks as you move away! The gnoll closely misses you.
The gnoll attacks as you move away! The gnoll completely misses you.
Your hound disappears in a puff of smoke!
The gnoll attacks as you move away! The gnoll hits you but does no damage.
The gnoll attacks as you move away! The gnoll hits you with a +0 flail!
* * * LOW HITPOINT WARNING * * *
The gnoll attacks as you move away! The gnoll misses you.
The gnoll attacks as you move away! The gnoll hits you but does no damage.
The gnoll attacks as you move away! The gnoll hits you with a +0 flail!
* * * LOW HITPOINT WARNING * * *
Casting: Summon Small Mammal (safe; 2% risk of failure)
Confirm with . or Enter, or press ? or * to list all spells.
The gnoll hits you with a +0 flail.
* * * LOW HITPOINT WARNING * * *
The gnoll hits your hound with a +0 club!
The gnoll attacks as you move away! The gnoll completely misses you.
The gnoll attacks as you move away! The gnoll barely misses you.
Your hound barely misses the gnoll.
The gnoll attacks as you move away! The gnoll hits you with a +0 flail.
You die...

###### .....######
.###r.....# ....#####.####
###rr.###....#############
.####...§..#.............#
...#...≈§≈...#.÷.#######.#
.#...#.....#...#@# #.#
...≈....#....≈..g# #.#
.#...#.....#...#.# #.#
.......≈.≈....ghg#######.###
..§.≈.......≈.≈.##.........#
#.....#...#.....##.#####.#.#
...#....≈....#.## #.#.#
#.....#...#....§# #.#.#
..≈.≈.......≈.≈§.. ..#.#


You could see 3 gnolls and a friendly hound (summoned).

Vanquished Creatures
  An adder (D:2)
  A goblin (D:1)
  A frilled lizard (D:2)
3 creatures vanquished.

Vanquished Creatures (collateral kills)
  An adder (D:2)
  4 dart slugs
  2 ball pythons (D:1)
  3 bats (D:1)
  2 endoplasms
  A giant cockroach (D:1)
  2 goblins (D:1)
  2 hobgoblins
  4 jackals (D:1)
  A quokka (D:1)
  2 frilled lizards (D:2)
  2 rats
26 creatures vanquished.

Grand Total: 29 creatures vanquished

Notes
Turn   | Place    | Note
-------+----------+-------------------------------------------
     0 | D:1      | wormed the Ogre Summoner began the quest for the Orb.
     0 | D:1      | Reached XP level 1. HP: 16/16 MP: 3/3
   337 | D:1      | Reached XP level 2. HP: 24/24 MP: 2/5
   438 | D:1      | Reached skill level 4 in Summonings
   787 | D:1      | Reached XP level 3. HP: 29/31 MP: 5/7
  1567 | D:2      | Learned a level 3 spell: Call Canine Familiar
  1571 | D:2      | Reached XP level 4. HP: 39/39 MP: 5/9
  1637 | D:2      | HP: 1/39 [gnoll/+0 flail (2)]
  1641 | D:2      | Slain by a gnoll

Illustrated notes

Levels and vault maps discovered:
D:1:      lightli_arrival_statuegarden, layout_basic
D:2:      layout_loops_ring, nicolae_kite_square_tiling_tiny

Skill      XL: |  1  2 |
---------------+-------+-----
Spellcasting   | 3 |  3.7
Summonings     | 4 |  4.3
Dodging        | |  1.7
Stealth        | |  1.4

Action                   |  1- 3 |  4- 6 || total
-------------------------+-------+-------++-------
Melee: Unarmed           |    63 |     1 ||    64
 Cast: Summon Small Mamm |    53 |     2 ||    55
       Call Canine Famil |     1 |     2 ||     3
  Use: Potion            |     1 |       ||     1
       Scroll            |     3 |       ||     3
Armor: Robe              |    54 |     4 ||    58
Dodge: Dodged            |    35 |    10 ||    45

Table legend: (Time is in decaauts)
 A = Elapsed time spent in this place.
 B = Non-inter-level travel time spent in this place.
 C = Inter-level travel time spent in this place.
 D = Time resting spent in this place.
 E = Time spent auto-exploring this place.
 F = Levels seen in this place.
 G = Mean time per level.
                   A        B        C        D        E       F      G
               +--------+--------+--------+--------+--------+-----+--------+
         Total |   1640 |   1578 |     62 |      0 |   1169 |   2 |  820.0 |
       Dungeon |   1640 |   1578 |     62 |      0 |   1169 |   2 |  820.0 |
               +--------+--------+--------+--------+--------+-----+--------+

Top non-repeatable levels by time:
     D:1: 1230 daAuts
     D:2: 410 daAuts
